 Dungeon Crawl Stone Soup version 0.30.1-1-g62c8e00024 (webtiles) character file.

Game seed: 8684552986769196648

51 shmup the Firebug (level 3, -9/19 HPs)
             Began as a Tengu Fire Elementalist on July 16, 2023.
             Killed by divine providence
             ... invoked by an orc priest
              (12 damage)
             ... on level 2 of the Dungeon.
             The game lasted 00:02:42 (1193 turns).

shmup the Firebug (Tengu Fire Elementalist)         Turns: 1193, Time: 00:02:42

Health: -9/19      AC:  2    Str:  8    XL:     3   Next: 81%
Magic:  3/7        EV: 12    Int: 17    God:
Gold:   34         SH:  0    Dex: 14    Spells: 5/6 levels left

rFire   . . .        h - +0 dagger
rCold   . . .        (no shield)
rNeg    . . .        a - +0 robe
rPois   .            (helmet restricted)
rElec   .            (no cloak)
rCorr   .            (no gloves)
SInv    +            (boots unavailable)
Will    .....        (no amulet)
Stlth   ++           n - ring of see invisible
HPRegen 0.23/turn    (no ring)
MPRegen 0.10/turn

%: no passive effects
@: no status effects
A: beak, talons 3
a: no special abilities


You were on level 2 of the Dungeon.
You visited 1 branch of the dungeon, and saw 3 of its levels.

You collected 34 gold pieces.

Inventory:

Hand Weapons
 h - a +0 dagger (weapon)
 i - a +0 dagger
Missiles
 e - 37 stones (quivered)
Armour
 a - a +0 robe (worn)
Jewellery
 n - a ring of see invisible (left hand)
Wands
 l - a wand of charming (4)
Scrolls
 c - a scroll of fear {unknown}
 f - a scroll of noise {unknown}
 g - 2 scrolls of teleportation {unknown}
 j - a scroll of magic mapping {unknown}
 m - a scroll of identify {unknown}
Potions
 b - a potion of magic
 d - a potion of cancellation {unknown}
 k - 2 potions of ambrosia {unknown}


   Skills:
 - Level 2.2 Dodging
 - Level 2.0 Stealth
 - Level 2.0 Spellcasting
 + Level 2.8 Conjurations
 * Level 4.4 Fire Magic


You had 5 spell levels left.
You knew the following spells:

 Your Spells              Type           Power      Damage    Failure   Level
a - Foxfire               Conj/Fire      56%        2x1d6     4%          1

Your spell library contained the following spells:

 Spells                   Type           Power      Damage    Failure   Level
 Scorch                   Fire           34%        2d6       4%          2
 Inner Flame              Hex/Fire       9%         N/A       22%         3
 Volatile Blastmotes      Fire/Tloc      18%        2d11      22%         3
 Flame Wave               Conj/Fire      14%        2d6       38%         4


Dungeon Overview and Level Annotations

Branches:
Dungeon (3/15)

Altars:
Uskayaw

Annotations:
D:3 Natasha


Innate Abilities, Weirdness & Mutations

You have a beak for a mouth.
You have claws for feet.


Message History

The foxfire hits the orc priest but does no damage.
The foxfire hits the orc priest.
The orc priest is lightly wounded.
The orc priest hits you with a +0 dagger.
Casting: Foxfire (safe; 4% risk of failure)
Confirm with . or Enter, or press ? or * to list all spells.
You conjure some foxfire!
The orc priest hits you with a +0 dagger.
* * * LOW HITPOINT WARNING * * *
The foxfire hits the orc priest but does no damage. x2
The orc priest hits you with a +0 dagger.
* * * LOW HITPOINT WARNING * * *
Casting: Foxfire (safe; 4% risk of failure)
Confirm with . or Enter, or press ? or * to list all spells.
Okay, then.
Casting: Foxfire (safe; 4% risk of failure)
Confirm with . or Enter, or press ? or * to list all spells.
You conjure some foxfire!
The orc priest barely misses you.
The foxfire hits the orc priest but does no damage. x2
The orc priest hits you with a +0 dagger.
* * * LOW HITPOINT WARNING * * *
Unknown command.
Casting: Foxfire (safe; 4% risk of failure)
Confirm with . or Enter, or press ? or * to list all spells.
You conjure some foxfire!
The orc priest barely misses you.
The foxfire hits the orc priest but does no damage. x2
The orc priest hits you with a +0 dagger.
* * * LOW HITPOINT WARNING * * *
Unknown command.
Casting: Foxfire (safe; 4% risk of failure)
Confirm with . or Enter, or press ? or * to list all spells.
You conjure some foxfire!
The orc priest barely misses you.
The foxfire hits the orc priest.
The orc priest is moderately wounded.
The foxfire hits the orc priest but does no damage.
The orc priest is moderately wounded.
The orc priest mumbles some strange prayers to Beogh against you.
Beogh smites you!
Ouch! That really hurt!
You die...

▒▒▒▒ ▒.....▒▒.....▒ ▒.▒
...▒▒▒▒▒..▒▒▒.▒.....▒ ▒.▒
.......▒..▒ ▒.......▒
▒▒▒.▒▒▒▒
...▒▒▒.▒..▒▒▒.▒.....▒
▒......▒ .▒▒▒
▒.......▒▒.....▒ ▒.▒.▒▒>▒
.▒ ▒▒▒.▒▒▒▒▒▒▒▒▒▒▒▒
▒▒.▒.▒▒.▒ .▒▒
▒...▒▒▒▒▒▒▒▒▒ ▒....▒▒.▒
..▒▒ ▒▒▒.....#.o.▒
▒..▒▒▒▒.▒ ...▒
▒.▒▒▒▒#Q..▒▒▒ ▒..▒▒▒▒.▒
..▒▒
▒.▒▒▒.......▒▒▒▒.......▒
)▒▒
▒▒.▒▒.............▒▒▒▒▒▒▒
.▒ ▒............▒▒▒▒▒▒ ▒▒
▒.....▒....▒▒▒
▒.._.......▒ ▒......▒▒▒▒▒
▒▒▒▒▒▒......▒
▒▒▒▒...▒▒▒▒....▒


You could see an orc priest.

Vanquished Creatures
  2 adders (D:2)
  2 dart slugs (D:2)
  2 ball pythons
  2 giant cockroaches
  2 hobgoblins (D:2)
  3 bats
  13 frilled lizards
  3 goblins
  2 kobolds (D:2)
  4 rats
35 creatures vanquished.

Vanquished Creatures (others)
  77 foxfires
77 creatures vanquished.

Grand Total: 112 creatures vanquished

Notes
Turn   | Place    | Note
-------+----------+-------------------------------------------
     0 | D:1      | shmup the Tengu Fire Elementalist began the quest for the
                  | Orb.
     0 | D:1      | Reached XP level 1. HP: 10/10 MP: 4/4
   279 | D:1      | You fall into a shaft and drop 1 floor!
   279 | D:2      | Found a hide-covered altar of Uskayaw.
   306 | D:2      | Reached XP level 2. HP: 10/15 MP: 3/6
   609 | D:2      | Reached skill level 4 in Fire Magic
   609 | D:2      | Reached XP level 3. HP: 19/19 MP: 4/7
  1181 | D:3      | Noticed Natasha
  1193 | D:2      | Killed from afar by an orc priest

Illustrated notes

Levels and vault maps discovered:
D:1:      dpeg_cavernosity, layout_basic, shapermc_ecumenical_altar_mp_vishouse,
          minmay_misc_feat_diagonals
D:2:      layout_loops_cross, basic_altar, minmay_lizard_king
D:3:      layout_loops_corners, uniq_natasha

Skill      XL: |  1  2 |
---------------+-------+-----
Conjurations   | 2 |  2.8
Fire Magic     | 4 |  4.4
Dodging        | |  2.2
Stealth        | |  2.0
Spellcasting   | |  2.0

Action                     || total
---------------------------++-------
  Melee: Dagger            ||     4
         Kick              ||     1
         Peck              ||     1
   Cast: Foxfire           ||    45
 Armour: Robe              ||     2
  Dodge: Dodged            ||    17
